[Event "Belgrade Spring Open 2021"]
[Site "Belgrade"]
[Date "2021.04.03"]
[Round "1.1"]
[White "Martirosyan, Haik M."]
[Black "Katic, Goran"]
[Result "1-0"]
[ECO "E16"]
[WhiteElo "2620"]
[BlackElo "2007"]
[Annotator "ChessBase"]
[PlyCount "70"]
[EventDate "2021.04.02"]
[EventType "swiss"]
[EventCountry "SRB"]
[SourceTitle "playchess.com"]
[Source "ChessBase"]
[SourceQuality "1"]
[TimeControl "5400+30"]

1. d4 Nf6 2. c4 e6 3. Nf3 Bb4+ 4. Bd2 Qe7 5. Nc3 O-O 6. g3 b6 7. Bg2 Bb7 8. O-O Bxc3 9. Bxc3 Ne4 10. Rc1 Nxc3 11. Rxc3 d6 12. d5 e5 13. e4 a5 14. Nh4 g6 15. Qe1 Na6 16. f4 f6 17. Nf3 Nc5 18. Re3 Ba6 19. Qc3 b5 20. cxb5 Bxb5 21. Rc1 Rfe8 22. b3 Ra7 23. Nd2 Rb8 24. h4 h6 25. Bh3 c6 26. a4 cxd5 27. axb5 d4 28. Qc4+ Qf7 29. Rf3 Rab7 30. fxe5 Qxc4 31. Nxc4 dxe5 32. Nd6 Rb6 33. Rxf6 Kg7 34. Ne8+ Rxe8 35. Rxb6 Kg8 1-0

[Event "Belgrade Spring Open 2021"]
[Site "Belgrade"]
[Date "2021.04.03"]
[Round "1.2"]
[White "Milutinovic, Dejan D"]
[Black "Sargsyan, Shant"]
[Result "0-1"]
[ECO "A49"]
[WhiteElo "1989"]
[BlackElo "2598"]
[Annotator "ChessBase"]
[PlyCount "133"]
[EventDate "2021.04.02"]
[EventType "swiss"]
[EventCountry "SRB"]
[SourceTitle "playchess.com"]
[Source "ChessBase"]
[SourceQuality "1"]
[TimeControl "5400+30"]

1. d4 d6 2. Nf3 g6 3. g3 Bg7 4. Bg2 Nf6 5. O-O Ne4 6. c4 O-O 7. Nbd2 Nxd2 8. Bxd2 Nd7 9. Qc1 e5 10. Bh6 e4 11. Ne1 Nf6 12. Bg5 Qd7 13. Nc2 Re8 14. Rd1 c6 15. Rb1 Qf5 16. Qf4 Qxf4 17. Bxf4 d5 18. c5 b6 19. Nb4 Bb7 20. cxb6 Bf8 21. Bd2 axb6 22. a3 Nd7 23. Bh3 f5 24. g4 c5 25. Nc2 fxg4 26. Bxg4 Nf6 27. Bh3 c4 28. Bg5 Kf7 29. Rf1 h6 30. Bd2 Bc8 31. Bg2 g5 32. f3 exf3 33. Bxf3 Kg6 34. Ne3 Be6 35. Rbe1 b5 36. Rf2 Bd6 37. Nf1 Bg4 38. Bg2 Ne4 39. Bxe4+ Rxe4 40. e3 h5 41. Ng3 Re6 42. Ne2 Bxe2 43. Rfxe2 Rae8 44. Kg2 Re4 45. h3 g4 46. Rf2 gxh3+ 47. Kxh3 Rg4 48. Ref1 Rg3+ 49. Kh4 Re4+ 50. Rf4 Bxf4 51. exf4 Rg4+ 52. Kh3 Kf5 53. a4 bxa4 54. Ra1 Rxd4 55. Bc3 Rd3+ 56. Kh2 d4 57. Be1 Re3 58. Bb4 Re2+ 59. Kh3 Rxb2 60. Rxa4 Rb3+ 61. Kh2 Rxf4 62. Bd6 Rf2+ 63. Kg1 Rc2 64. Ra1 d3 65. Rf1+ Ke6 66. Bf4 d2 67. Bxd2 0-1

[Event "Belgrade Spring Open 2021"]
[Site "Belgrade"]
[Date "2021.04.03"]
[Round "1.3"]
[White "Thybo, Jesper Sondergaard"]
[Black "Lohia, Sohum"]
[Result "1-0"]
[ECO "E11"]
[WhiteElo "2568"]
[BlackElo "1985"]
[Annotator "ChessBase"]
[PlyCount "53"]
[EventDate "2021.04.02"]
[EventType "swiss"]
[EventCountry "SRB"]
[SourceTitle "playchess.com"]
[Source "ChessBase"]
[SourceQuality "1"]
[TimeControl "5400+30"]

1. d4 Nf6 2. c4 e6 3. g3 Bb4+ 4. Bd2 Be7 5. Bg2 d5 6. Nf3 O-O 7. O-O Nbd7 8. b4 dxc4 9. Qc2 c3 10. Bxc3 Nd5 11. a3 b6 12. e4 Nxc3 13. Nxc3 Bb7 14. Rfd1 Nf6 15. Ng5 h6 16. e5 hxg5 17. exf6 Bxg2 18. fxe7 Qxe7 19. Kxg2 c5 20. bxc5 bxc5 21. d5 Rfd8 22. Qe4 Qf6 23. dxe6 Qxc3 24. e7 Re8 25. Qxa8 Rxa8 26. Rd8+ Kh7 27. Rxa8 1-0

[Event "Belgrade Spring Open 2021"]
[Site "Belgrade"]
[Date "2021.04.03"]
[Round "1.4"]
[White "Radosavljevic, Vukasin"]
[Black "Sturt, Raven"]
[Result "0-1"]
[ECO "C24"]
[WhiteElo "1979"]
[BlackElo "2490"]
[Annotator "ChessBase"]
[PlyCount "80"]
[EventDate "2021.04.02"]
[EventType "swiss"]
[EventCountry "SRB"]
[SourceTitle "playchess.com"]
[Source "ChessBase"]
[SourceQuality "1"]
[TimeControl "5400+30"]

1. e4 e5 2. Bc4 Nf6 3. d4 exd4 4. Nf3 Nxe4 5. Qxd4 Nf6 6. Nc3 Nc6 7. Qh4 Bb4 8. Bd2 Qe7+ 9. Kf1 d5 10. Bxd5 Nxd5 11. Nxd5 Qxh4 12. Nxh4 Bxd2 13. Nxc7+ Ke7 14. Nxa8 Bf4 15. Re1+ Kf6 16. Re4 Bd6 17. g4 Be6 18. c4 Rxa8 19. Rg1 g5 20. Nf3 Ne5 21. Nxe5 Bxe5 22. b3 Bxh2 23. Rh1 Bf4 24. f3 Kg6 25. Ke2 a5 26. Rd1 a4 27. b4 Rc8 28. Rdd4 b5 29. c5 Bxa2 30. Re7 Bc4+ 31. Kd1 a3 32. Kc2 Ra8 33. Kb1 a2+ 34. Ka1 Bc1 35. Rd1 Ba3 36. c6 Bxb4 37. Re3 Bf8 38. Rc3 Bg7 39. Rd6+ Be6 40. f4 Bxc3# 0-1

[Event "Belgrade Spring Open 2021"]
[Site "Belgrade"]
[Date "2021.04.03"]
[Round "1.5"]
[White "Kazakouski, Valery"]
[Black "Askovic, Jovica"]
[Result "1-0"]
[ECO "D74"]
[WhiteElo "2476"]
[BlackElo "1976"]
[Annotator "ChessBase"]
[PlyCount "67"]
[EventDate "2021.04.02"]
[EventType "swiss"]
[EventCountry "SRB"]
[SourceTitle "playchess.com"]
[Source "ChessBase"]
[SourceQuality "1"]
[TimeControl "5400+30"]

1. d4 Nf6 2. Nf3 g6 3. c4 Bg7 4. g3 O-O 5. Bg2 d5 6. cxd5 Nxd5 7. O-O Nc6 8. Nc3 Nxc3 9. bxc3 e5 10. Ba3 Re8 11. e3 Be6 12. Nd2 Qd7 13. Nb3 Bxb3 14. Qxb3 Rab8 15. Rfd1 exd4 16. cxd4 Na5 17. Qc3 Nc6 18. Rdc1 Nxd4 19. exd4 Bxd4 20. Qd2 Rbd8 21. Bb2 Qa4 22. Bxd4 Rxd4 23. Qb2 Rb4 24. Qf6 c6 25. Re1 Rf8 26. Rad1 Qa5 27. h4 Qxa2 28. Rd8 Qb2 29. Rxf8+ Kxf8 30. Qd6+ Kg7 31. Re8 Qd4 32. Qf8+ Kf6 33. Qh8+ Kf5 34. Bh3+ 1-0

[Event "Belgrade Spring Open 2021"]
[Site "Belgrade"]
[Date "2021.04.03"]
[Round "1.6"]
[White "Djordjevic, Nevena"]
[Black "Draskovic, Luka"]
[Result "0-1"]
[ECO "E61"]
[WhiteElo "1976"]
[BlackElo "2472"]
[Annotator "ChessBase"]
[PlyCount "50"]
[EventDate "2021.04.02"]
[EventType "swiss"]
[EventCountry "SRB"]
[SourceTitle "playchess.com"]
[Source "ChessBase"]
[SourceQuality "1"]
[TimeControl "5400+30"]

1. d4 d6 2. Nf3 Nf6 3. c4 g6 4. Nc3 Bf5 5. Bf4 Bg7 6. h3 Ne4 7. Qb3 Nxc3 8. Qxc3 O-O 9. e3 Nc6 10. Be2 e5 11. dxe5 dxe5 12. Bg5 e4 13. Qxg7+ Kxg7 14. Bxd8 exf3 15. Bxc7 fxe2 16. Kxe2 Rac8 17. Bd6 Rfd8 18. Rhd1 f6 19. f3 Ne5 20. c5 Nc4 21. e4 Be6 22. f4 Nxd6 23. cxd6 Rc6 24. e5 fxe5 25. fxe5 Rc5 0-1

[Event "Belgrade Spring Open 2021"]
[Site "Belgrade"]
[Date "2021.04.03"]
[Round "1.7"]
[White "Tadic, Stefan"]
[Black "Mamedov, Edgar"]
[Result "0-1"]
[ECO "C02"]
[WhiteElo "2416"]
[BlackElo "1973"]
[Annotator "ChessBase"]
[PlyCount "52"]
[EventDate "2021.04.02"]
[EventType "swiss"]
[EventCountry "SRB"]
[SourceTitle "playchess.com"]
[Source "ChessBase"]
[SourceQuality "1"]
[TimeControl "5400+30"]

1. e4 e6 2. d4 d5 3. e5 c5 4. c3 Nc6 5. Nf3 Qb6 6. Bd3 Bd7 7. O-O Rc8 8. dxc5 Bxc5 9. b4 Be7 10. Re1 a6 11. a3 f6 12. exf6 Nxf6 13. Nbd2 O-O 14. c4 Ng4 15. c5 Qc7 16. Bb2 Nxf2 17. Kxf2 Qxh2 18. Rg1 e5 19. Qb3 Be6 20. Ke2 Qf4 21. Bc2 Qg4 22. Nf1 e4 23. Ne3 exf3+ 24. Kd2 Qh4 25. gxf3 Qf2+ 26. Kd3 Rxf3 0-1

[Event "Belgrade Spring Open 2021"]
[Site "Belgrade"]
[Date "2021.04.03"]
[Round "1.8"]
[White "Lalic, Mile"]
[Black "Todorovic, Goran M"]
[Result "0-1"]
[ECO "B25"]
[WhiteElo "1959"]
[BlackElo "2406"]
[Annotator "ChessBase"]
[PlyCount "58"]
[EventDate "2021.04.02"]
[EventType "swiss"]
[EventCountry "SRB"]
[SourceTitle "playchess.com"]
[Source "ChessBase"]
[SourceQuality "1"]
[TimeControl "5400+30"]

1. e4 c5 2. Nc3 Nc6 3. g3 g6 4. Bg2 Bg7 5. Nge2 e6 6. O-O Nge7 7. d3 d6 8. f4 a6 9. a4 O-O 10. g4 f5 11. g5 Rb8 12. Ng3 b5 13. exf5 exf5 14. axb5 axb5 15. Nd5 Kh8 16. Nxe7 Nxe7 17. Ra7 d5 18. Be3 Qd6 19. c3 Nc6 20. Ra1 Re8 21. Re1 Bd7 22. Qf3 d4 23. Bd2 dxc3 24. Bxc3 Nd4 25. Qd5 Qxd5 26. Bxd5 b4 27. Bd2 Bb5 28. Kf2 Red8 29. Bf7 Nc2 0-1

[Event "Belgrade Spring Open 2021"]
[Site "Belgrade"]
[Date "2021.04.03"]
[Round "1.9"]
[White "Kaasen, Tor Fredrik"]
[Black "Mrdak, Milomir"]
[Result "1-0"]
[ECO "C41"]
[WhiteElo "2397"]
[BlackElo "1957"]
[Annotator "ChessBase"]
[PlyCount "77"]
[EventDate "2021.04.02"]
[EventType "swiss"]
[EventCountry "SRB"]
[SourceTitle "playchess.com"]
[Source "ChessBase"]
[SourceQuality "1"]
[TimeControl "5400+30"]

1. e4 d6 2. d4 Nd7 3. Nc3 e5 4. Nf3 c6 5. a4 Be7 6. Be2 Ngf6 7. O-O O-O 8. Re1 Qc7 9. a5 Re8 10. d5 a6 11. Be3 c5 12. Nd2 g6 13. Nc4 h5 14. f3 Nh7 15. Qd2 g5 16. Na4 Ndf8 17. Nab6 Rb8 18. c3 Ng6 19. b4 cxb4 20. cxb4 Nf4 21. Bf1 Bd7 22. Rec1 Qd8 23. Nxd7 Qxd7 24. Nb6 Qd8 25. b5 g4 26. fxg4 hxg4 27. bxa6 bxa6 28. Bxa6 Ng5 29. Qc2 Kg7 30. Bc8 g3 31. hxg3 Nh5 32. Ra3 Rh8 33. Bd2 Rxb6 34. axb6 Qxb6+ 35. Be3 Qb4 36. Ra4 Qb5 37. Ba6 Qd7 38. Bf2 Rc8 39. Bxc8 1-0

[Event "Belgrade Spring Open 2021"]
[Site "Belgrade"]
[Date "2021.04.03"]
[Round "1.10"]
[White "Sahin, Hayrun Nisa"]
[Black "Pastar, Slaven"]
[Result "0-1"]
[ECO "C03"]
[WhiteElo "1948"]
[BlackElo "2374"]
[Annotator "ChessBase"]
[PlyCount "102"]
[EventDate "2021.04.02"]
[EventType "swiss"]
[EventCountry "SRB"]
[SourceTitle "playchess.com"]
[Source "ChessBase"]
[SourceQuality "1"]
[TimeControl "5400+30"]

1. e4 b6 2. d4 Bb7 3. Bd3 Nf6 4. Nd2 e6 5. Ngf3 d5 6. exd5 Qxd5 7. O-O Nc6 8. c3 g5 9. Re1 g4 10. Bc4 Qh5 11. Ne5 Nxe5 12. Rxe5 Qg6 13. Nf1 Bd6 14. Re1 h5 15. Qd3 Be4 16. Qe3 O-O-O 17. Qg5 Rdg8 18. Qxg6 Rxg6 19. Ng3 Bd5 20. Bd3 h4 21. Ne4 Nxe4 22. Bxe4 f5 23. Bxd5 exd5 24. g3 Rg7 25. Bf4 hxg3 26. fxg3 Bxf4 27. gxf4 g3 28. Re2 Rgh7 29. Rae1 Rxh2 30. Re5 Rxb2 31. Re8+ Rxe8 32. Rxe8+ Kd7 33. Re5 Rxa2 34. Rxd5+ Ke6 35. Re5+ Kf6 36. d5 Kg6 37. Re3 g2 38. Re7 Kh5 39. Rxc7 Kg4 40. Rg7+ Kf3 41. Kh2 Kxf4 42. d6 Rd2 43. Rxa7 Rxd6 44. Kxg2 Rd2+ 45. Kf1 Kf3 46. Ke1 Rb2 47. c4 f4 48. Rb7 Ke3 49. Re7+ Kd3 50. Rf7 Rb4 51. Rxf4 Ke3 0-1

[Event "Belgrade Spring Open 2021"]
[Site "Belgrade"]
[Date "2021.04.03"]
[Round "2.2"]
[White "Sargsyan, Shant"]
[Black "Mitev, Valentin"]
[Result "1-0"]
[ECO "B61"]
[WhiteElo "2598"]
[BlackElo "2166"]
[Annotator "ChessBase"]
[PlyCount "75"]
[EventDate "2021.04.02"]
[EventType "swiss"]
[EventCountry "SRB"]
[SourceTitle "playchess.com"]
[Source "ChessBase"]
[SourceQuality "1"]
[TimeControl "5400+30"]

1. e4 c5 2. Nf3 d6 3. d4 cxd4 4. Nxd4 Nf6 5. Nc3 Nc6 6. Bg5 Bd7 7. Qd2 Rc8 8. f3 Nxd4 9. Qxd4 Qa5 10. h4 h6 11. Be3 a6 12. O-O-O e5 13. Qd2 Be6 14. Kb1 h5 15. Bg5 Be7 16. a3 b5 17. g3 Rb8 18. Bxf6 gxf6 19. f4 Rg8 20. Qe1 Bd8 21. f5 Bd7 22. Be2 Bc6 23. Rxd6 Rc8 24. Bxh5 Be7 25. Re6 Qc7 26. Nd5 Bxd5 27. exd5 Qxc2+ 28. Ka1 Qxf5 29. g4 Rxg4 30. Bxg4 Qxg4 31. Rg1 Qc4 32. Rg8+ Kd7 33. Rxc8 Qxc8 34. Rc6 Qb7 35. Qc3 Bd6 36. h5 b4 37. axb4 Qxb4 38. Rxd6+ 1-0

[Event "Belgrade Spring Open 2021"]
[Site "Belgrade"]
[Date "2021.04.03"]
[Round "2.4"]
[White "Sturt, Raven"]
[Black "Petrusic, Velimir"]
[Result "1-0"]
[ECO "B00"]
[WhiteElo "2490"]
[BlackElo "2110"]
[Annotator "ChessBase"]
[PlyCount "109"]
[EventDate "2021.04.02"]
[EventType "swiss"]
[EventCountry "SRB"]
[SourceTitle "playchess.com"]
[Source "ChessBase"]
[SourceQuality "1"]
[TimeControl "5400+30"]

1. e4 Nc6 2. Nc3 Nf6 3. d4 d5 4. e5 Nd7 5. Nxd5 Ndb8 6. Nc3 Qxd4 7. Be3 Qxd1+ 8. Rxd1 e6 9. f4 a6 10. g3 b6 11. Bg2 Bb7 12. Nge2 Na5 13. Ne4 Nd7 14. O-O Be7 15. b3 O-O-O 16. c3 g6 17. Kf2 Nc5 18. Nxc5 bxc5 19. c4 Bxg2 20. Kxg2 Nc6 21. Kf3 Kb7 22. Ke4 Nb4 23. Nc3 Kc6 24. h3 h5 25. Rxd8 Rxd8 26. Rc1 a5 27. a3 Na6 28. Rd1 Rxd1 29. Nxd1 Nb8 30. Bd2 Kb6 31. Nb2 Nd7 32. Na4+ Ka6 33. Be3 Kb7 34. g4 hxg4 35. hxg4 Ka6 36. f5 Kb7 37. f6 Bf8 38. Bd2 Ka6 39. Nc3 Nb6 40. Kd3 Nd7 41. Bf4 Nb6 42. Ne4 Nd7 43. Ke3 a4 44. bxa4 Nb6 45. Kd3 Nxa4 46. Ng5 Nb2+ 47. Kc3 Nd1+ 48. Kb3 Nf2 49. Nxf7 Nxg4 50. Nd8 g5 51. Bg3 Ne3 52. Nxe6 Nf5 53. Nxf8 Nxg3 54. f7 Nf5 55. Ne6 1-0

[Event "Belgrade Spring Open 2021"]
[Site "Belgrade"]
[Date "2021.04.03"]
[Round "2.5"]
[White "Kocyigit, Buse Naz"]
[Black "Kazakouski, Valery"]
[Result "0-1"]
[ECO "A88"]
[WhiteElo "2103"]
[BlackElo "2476"]
[Annotator "ChessBase"]
[PlyCount "128"]
[EventDate "2021.04.02"]
[EventType "swiss"]
[EventCountry "SRB"]
[SourceTitle "playchess.com"]
[Source "ChessBase"]
[SourceQuality "1"]
[TimeControl "5400+30"]

1. Nf3 f5 2. d4 Nf6 3. c4 d6 4. g3 g6 5. Bg2 Bg7 6. O-O O-O 7. Nc3 c6 8. b3 Na6 9. Bb2 Qc7 10. Rc1 e5 11. Nb5 Qe7 12. dxe5 dxe5 13. Ba3 c5 14. Qd6 Qxd6 15. Nxd6 e4 16. Ng5 Nb4 17. Bxb4 cxb4 18. e3 h6 19. Nxc8 Raxc8 20. Ne6 Rfe8 21. Nxg7 Kxg7 22. Rfd1 Red8 23. Rd4 Kf7 24. Bf1 Ke7 25. a3 bxa3 26. Ra1 a5 27. Rxa3 b6 28. b4 axb4 29. Rb3 Ra8 30. Rxb4 Rxd4 31. exd4 Nd7 32. f3 exf3 33. Rb3 Ra1 34. Rxf3 Nf6 35. Kg2 Ne4 36. Bd3 Ra2+ 37. Kg1 Ng5 38. Re3+ Kf6 39. h4 Ne6 40. d5 Nc5 41. Kf1 Ra3 42. Ke2 Ra2+ 43. Kd1 Ra7 44. Bc2 Ra1+ 45. Kd2 Rf1 46. Ke2 Rg1 47. Kd2 g5 48. hxg5+ hxg5 49. Re8 Rg2+ 50. Kd1 Rxg3 51. Rf8+ Ke5 52. Rxf5+ Kd4 53. d6 Kc3 54. Rxc5 bxc5 55. d7 Rg1+ 56. Ke2 Rg2+ 57. Ke3 Rd2 58. Bf5 Rd6 59. Ke4 Kxc4 60. Ke5 Rd5+ 61. Ke4 Rd4+ 62. Ke5 Kb5 63. Ke6 Kc6 64. Ke7 Kc7 0-1

[Event "Belgrade Spring Open 2021"]
[Site "Belgrade"]
[Date "2021.04.03"]
[Round "2.6"]
[White "Draskovic, Luka"]
[Black "Dimitrijevic, Dusan"]
[Result "1/2-1/2"]
[ECO "A40"]
[WhiteElo "2472"]
[BlackElo "2092"]
[Annotator "ChessBase"]
[PlyCount "128"]
[EventDate "2021.04.02"]
[EventType "swiss"]
[EventCountry "SRB"]
[SourceTitle "playchess.com"]
[Source "ChessBase"]
[SourceQuality "1"]
[TimeControl "5400+30"]

1. c4 b6 2. Nc3 Bb7 3. d4 e6 4. a3 Ne7 5. e4 d6 6. Bg5 Nd7 7. Be2 h6 8. Be3 g6 9. Nf3 Bg7 10. Qd2 f5 11. d5 e5 12. g3 Nc5 13. Rb1 Nxe4 14. Nxe4 fxe4 15. Nh4 Bc8 16. Bd1 Bh3 17. Ba4+ Kf7 18. Qe2 Rf8 19. Bc2 Kg8 20. Bxe4 g5 21. Ng2 Nf5 22. O-O Qd7 23. Rfe1 Rf6 24. Rbd1 Raf8 25. Rd2 Qf7 26. f3 Ne7 27. Bf2 h5 28. Be3 Bh6 29. Rdd1 Nf5 30. Qd3 Bxg2 31. Kxg2 Nxe3+ 32. Qxe3 g4 33. Qd3 gxf3+ 34. Kf2 h4 35. Rg1 Kh8 36. Qf1 Qh5 37. Qh3 Qg5 38. Rd3 Rg8 39. Qd7 Qg7 40. Qxg7+ Rxg7 41. Rxf3 Rgf7 42. Rxf6 Rxf6+ 43. Ke2 a5 44. a4 hxg3 45. hxg3 Kg7 46. Rh1 Rf8 47. Rh4 Rh8 48. Rg4+ Kf7 49. Rh4 Bg7 50. Rxh8 Bxh8 51. Kf3 Bg7 52. Kg4 Bh6 53. Kf5 Bc1 54. b3 Be3 55. g4 Bc5 56. g5 Be3 57. g6+ Kg7 58. Ke6 Bd4 59. Kd7 Bc5 60. Kxc7 Kf6 61. Kd7 Bb4 62. Ke8 Kg7 63. Ke7 Bc5 64. Ke6 Bb4 1/2-1/2

[Event "Belgrade Spring Open 2021"]
[Site "Belgrade"]
[Date "2021.04.03"]
[Round "2.7"]
[White "Todorovic, Goran M"]
[Black "Poleksic, Dusan"]
[Result "1-0"]
[ECO "B23"]
[WhiteElo "2406"]
[BlackElo "2092"]
[Annotator "ChessBase"]
[PlyCount "39"]
[EventDate "2021.04.02"]
[EventType "swiss"]
[EventCountry "SRB"]
[SourceTitle "playchess.com"]
[Source "ChessBase"]
[SourceQuality "1"]
[TimeControl "5400+30"]

1. e4 c5 2. Nc3 g6 3. d4 cxd4 4. Qxd4 Nf6 5. Bg5 Nc6 6. Qd2 Bg7 7. Bh6 O-O 8. O-O-O Qa5 9. f3 d6 10. h4 Be6 11. h5 Nxh5 12. Bxg7 Kxg7 13. g4 Nf6 14. Qh6+ Kg8 15. Nge2 Ne5 16. g5 Nh5 17. Nf4 Bg4 18. Ncd5 Nxf3 19. Nxh5 Bxh5 20. Rxh5 1-0

[Event "Belgrade Spring Open 2021"]
[Site "Belgrade"]
[Date "2021.04.03"]
[Round "2.9"]
[White "Pastar, Slaven"]
[Black "Radojicic, Aleksandar M"]
[Result "1-0"]
[ECO "A43"]
[WhiteElo "2374"]
[BlackElo "2082"]
[Annotator "ChessBase"]
[PlyCount "86"]
[EventDate "2021.04.02"]
[EventType "swiss"]
[EventCountry "SRB"]
[SourceTitle "playchess.com"]
[Source "ChessBase"]
[SourceQuality "1"]
[TimeControl "5400+30"]

1. d4 Nf6 2. Nf3 c5 3. d5 g6 4. Nc3 Bg7 5. e4 d6 6. Bb5+ Bd7 7. a4 O-O 8. O-O Na6 9. Re1 Nc7 10. Bc4 Bg4 11. h3 Bxf3 12. Qxf3 Nd7 13. Qg3 f5 14. Bg5 h6 15. Bd2 f4 16. Bxf4 g5 17. Be3 Ne5 18. Bf1 Ng6 19. Qg4 Kh7 20. Ne2 Ne5 21. Qh5 e6 22. Nc3 Ng6 23. Rad1 exd5 24. exd5 Nf4 25. Qg4 Bxc3 26. bxc3 Nfxd5 27. Qe4+ Kg7 28. Bd3 Rf6 29. Qh7+ Kf8 30. Bg6 Rxg6 31. Qxg6 Qf6 32. Qxf6+ Nxf6 33. Rxd6 Nce8 34. Rdd1 Rc8 35. h4 Ne4 36. Rd7 Nxc3 37. hxg5 hxg5 38. Bxg5 Nxa4 39. Rxb7 a6 40. Re3 c4 41. Rg3 Nc7 42. Bf4 Ne6 43. Bd6+ Ke8 1-0

[Event "Belgrade Spring Open 2021"]
[Site "Belgrade"]
[Date "2021.04.03"]
[Round "2.10"]
[White "Novakovic, Aleksej"]
[Black "Potpara, Nikola"]
[Result "0-1"]
[ECO "A45"]
[WhiteElo "2079"]
[BlackElo "2370"]
[Annotator "ChessBase"]
[PlyCount "60"]
[EventDate "2021.04.02"]
[EventType "swiss"]
[EventCountry "SRB"]
[SourceTitle "playchess.com"]
[Source "ChessBase"]
[SourceQuality "1"]
[TimeControl "5400+30"]

1. d4 Nf6 2. Bf4 c5 3. e3 d6 4. c3 Nbd7 5. Nf3 Nh5 6. Bg3 g6 7. Bc4 e6 8. d5 e5 9. Bh4 Be7 10. Bxe7 Qxe7 11. Be2 f5 12. c4 O-O 13. Nc3 e4 14. Nd2 Nhf6 15. Qc2 Ne5 16. g3 Bd7 17. h3 h5 18. O-O-O a6 19. Rde1 b5 20. f4 exf3 21. Nxf3 Kg7 22. Nd2 Rab8 23. b3 b4 24. Nd1 Rbe8 25. Nf2 a5 26. e4 a4 27. Kb2 fxe4 28. Nfxe4 Nxe4 29. Nxe4 Bf5 30. Bd3 Nxd3+ 0-1

[Event "Belgrade Spring Open 2021"]
[Site "Belgrade"]
[Date "2021.04.04"]
[Round "3.1"]
[White "Martirosyan, Haik M."]
[Black "Kamer, Kayra"]
[Result "1-0"]
[ECO "D03"]
[WhiteElo "2620"]
[BlackElo "2339"]
[Annotator "ChessBase"]
[PlyCount "50"]
[EventDate "2021.04.02"]
[EventType "swiss"]
[EventCountry "SRB"]
[SourceTitle "playchess.com"]
[Source "ChessBase"]
[SourceQuality "1"]
[TimeControl "5400+30"]

1. d4 Nf6 2. Bg5 g6 3. Bxf6 exf6 4. e3 d5 5. Nf3 c5 6. dxc5 Bxc5 7. Nbd2 Nc6 8. c3 O-O 9. Nb3 Bb6 10. g3 Bf5 11. Bg2 Be4 12. O-O Qe7 13. Qe2 Rfe8 14. Rfd1 Rad8 15. Nfd4 Bxg2 16. Nxc6 bxc6 17. Kxg2 Qe4+ 18. Qf3 f5 19. Qxe4 fxe4 20. Rd2 Kf8 21. Rc1 Ke7 22. c4 Ke6 23. Rdc2 Re7 24. Kf1 f5 25. Ke2 g5 1-0

[Event "Belgrade Spring Open 2021"]
[Site "Belgrade"]
[Date "2021.04.04"]
[Round "4.4"]
[White "Ozsakallioglu, Okan"]
[Black "Thybo, Jesper Sondergaard"]
[Result "1/2-1/2"]
[ECO "E61"]
[WhiteElo "2249"]
[BlackElo "2568"]
[Annotator "ChessBase"]
[PlyCount "181"]
[EventDate "2021.04.02"]
[EventType "swiss"]
[EventCountry "SRB"]
[SourceTitle "playchess.com"]
[Source "ChessBase"]
[SourceQuality "1"]
[TimeControl "5400+30"]

1. e4 c6 2. d4 d5 3. exd5 cxd5 4. c4 Nf6 5. Nc3 g6 6. Nf3 Bg7 7. h3 O-O 8. Be2 dxc4 9. Bxc4 b6 10. O-O Bb7 11. Be3 Nc6 12. Qe2 Nb4 13. a3 Nbd5 14. Rac1 Nxc3 15. Rxc3 Nd5 16. Rc2 Rc8 17. Rfc1 e6 18. Bg5 Qd6 19. Ba6 Rxc2 20. Rxc2 Ba8 21. Qd2 Nc7 22. Be2 Bxf3 23. Bxf3 Nb5 24. d5 Nd4 25. dxe6 Qxe6 26. Rc7 Nxf3+ 27. gxf3 Qxh3 28. Qe2 Bd4 29. Bf4 Qh4 30. Bh2 b5 31. Kg2 Qg5+ 32. Bg3 h5 33. Qe4 Bf6 34. Kh3 a6 35. b3 Rd8 36. a4 h4 37. Bh2 Qd5 38. Qxd5 Rxd5 39. Rc6 Kg7 40. Rxa6 Rd3 41. Kg2 Rxb3 42. axb5 Rxb5 43. Bf4 Rb2 44. Be3 Rc2 45. Kh3 g5 46. Ra5 Kg6 47. Ra6 Rc4 48. Rb6 Ra4 49. Rc6 Kg7 50. Rc5 Be7 51. Re5 Bf6 52. Rc5 Kg6 53. Rc6 Rb4 54. Ra6 Rb5 55. f4 Kf5 56. fxg5 Bxg5 57. Bxg5 Kxg5 58. Ra3 Rf5 59. Kg2 Kg4 60. Ra4+ Rf4 61. f3+ Kg5 62. Ra8 Rd4 63. Rg8+ Kf5 64. Rh8 Rf4 65. Kf2 Kg6 66. Kg2 f5 67. Rg8+ Kf6 68. Rf8+ Kg7 69. Rb8 Kh6 70. Rh8+ Kg6 71. Rg8+ Kf6 72. Rf8+ Ke7 73. Rh8 Kf7 74. Rh6 Kg7 75. Rb6 Rd4 76. Kh3 Rc4 77. Ra6 Kf7 78. Rh6 Rf4 79. Kg2 Ke7 80. Ra6 Rb4 81. Rh6 Rb2+ 82. Kh3 Rf2 83. Ra6 Rxf3+ 84. Kxh4 Rf1 85. Kg3 Kf7 86. Rb6 Re1 87. Kf4 Re6 88. Rb5 Rf6 89. Rxf5 Ke6 90. Rxf6+ Kxf6 91. Ke4 1/2-1/2

[Event "Belgrade Spring Open 2021"]
[Site "Belgrade"]
[Date "2021.04.04"]
[Round "4.7"]
[White "Kanov, Nikola"]
[Black "Milanovic, Slavisa"]
[Result "1/2-1/2"]
[ECO "C02"]
[WhiteElo "2140"]
[BlackElo "2301"]
[Annotator "RC"]
[PlyCount "24"]
[EventDate "2021.04.02"]
[EventType "swiss"]
[EventCountry "SRB"]
[SourceTitle "playchess.com"]
[Source "ChessBase"]
[SourceQuality "1"]
[TimeControl "5400+30"]

1. e4 e6 2. d4 d5 3. e5 c5 4. c3 Qb6 5. Nf3 Nc6 6. Be2 cxd4 7. cxd4 Nh6 8. Nc3 Nf5 9. Na4 Qa5+ 10. Nc3 Qb6 11. Na4 Qa5+ 12. Nc3 Qb6 1/2-1/2

[Event "Belgrade Spring Open 2021"]
[Site "Belgrade"]
[Date "2021.04.04"]
[Round "4.8"]
[White "Velickovic, Sasa"]
[Black "Janjic, Stefan"]
[Result "1/2-1/2"]
[ECO "C00"]
[WhiteElo "2274"]
[BlackElo "2176"]
[Annotator "ChessBase"]
[PlyCount "90"]
[EventDate "2021.04.02"]
[EventType "swiss"]
[EventCountry "SRB"]
[SourceTitle "playchess.com"]
[Source "ChessBase"]
[SourceQuality "1"]
[TimeControl "5400+30"]

1. e4 e6 2. Qe2 c5 3. g3 Nc6 4. Bg2 Nge7 5. c3 g6 6. d3 Bg7 7. h4 h6 8. f4 h5 9. Nh3 b6 10. O-O d5 11. f5 gxf5 12. exf5 Be5 13. fxe6 Bxe6 14. Bf4 Qd6 15. Na3 Bg4 16. Qe1 f6 17. Bxe5 Nxe5 18. Nf4 O-O-O 19. d4 N5g6 20. Nxg6 Nxg6 21. Qf2 f5 22. dxc5 Qxc5 23. Nc2 Qxf2+ 24. Rxf2 f4 25. gxf4 Nxh4 26. Nd4 Nxg2 27. Kxg2 Rhg8 28. Re1 Bf5+ 29. Kh2 Be4 30. Rg1 Kd7 31. Rg3 h4 32. Rxg8 Rxg8 33. Kh3 Rh8 34. Rh2 Ke7 35. Kg4 Kf6 36. a3 Rh7 37. a4 Rg7+ 38. Kxh4 Rg1 39. Re2 Ra1 40. Kg3 Rxa4 41. Kf2 Ra1 42. Re1 Ra2 43. Re2 Ra1 44. Re1 Ra2 45. Re2 Ra1 1/2-1/2

[Event "Belgrade Spring Open 2021"]
[Site "Belgrade"]
[Date "2021.04.05"]
[Round "5.2"]
[White "Kazakouski, Valery"]
[Black "Milosevic, Milos"]
[Result "1/2-1/2"]
[ECO "A14"]
[WhiteElo "2476"]
[BlackElo "2334"]
[Annotator "ChessBase"]
[PlyCount "91"]
[EventDate "2021.04.02"]
[EventType "swiss"]
[EventCountry "SRB"]
[SourceTitle "playchess.com"]
[Source "ChessBase"]
[SourceQuality "1"]
[TimeControl "5400+30"]

1. Nf3 Nf6 2. c4 c5 3. b3 Nc6 4. Bb2 e6 5. g3 Be7 6. Bg2 O-O 7. O-O d5 8. e3 b6 9. Nc3 Bb7 10. cxd5 exd5 11. d4 Rc8 12. Rc1 Re8 13. Ne5 Bf8 14. Nxc6 Bxc6 15. dxc5 bxc5 16. Ne2 Ne4 17. Nf4 a5 18. Qd3 Rc7 19. Rfd1 Rd7 20. Qc2 Bb5 21. Ba3 Nf6 22. Qf5 g6 23. Qb1 d4 24. exd4 cxd4 25. Bxf8 Kxf8 26. a4 Be2 27. Nxe2 Rxe2 28. Qd3 Qe7 29. Bf3 Re5 30. Rc4 Re1+ 31. Rxe1 Qxe1+ 32. Kg2 Qe5 33. b4 axb4 34. Rxb4 Qd6 35. Qd2 Kg7 36. a5 d3 37. Rb6 Qd4 38. Rb4 Qd6 39. Rb3 h5 40. h4 Qd4 41. Rb4 Qd6 42. Rb3 Qd4 43. a6 Ne4 44. Qb2 Qxb2 45. Rxb2 Nc5 46. Bb7 1/2-1/2